 Dungeon Crawl Stone Soup version 0.30-a0-1112-gfb780f5df6 (webtiles) character file.

Game seed: 1580188888693756665

4 cforsyth the Covered (level 1, -2/18 HPs)
             Began as a Demigod Fighter on Apr 20, 2023.
             Slain by a gnoll
             ... wielding a +0 spear
              (6 damage)
             ... on level 1 of the Dungeon.
             The game lasted 00:00:09 (64 turns).

cforsyth the Covered (Demigod Fighter)                Turns: 64, Time: 00:00:10

Health: -2/18      AC:  6    Str: 17    XL:     1   Next: 46%
Magic:  3/3        EV:  8    Int: 10    God:
Gold:   0          SH:  4    Dex: 13    Spells: 0/0 levels left

rFire   . . .      SeeInvis .    a - +0 flail
rCold   . . .      Faith    .    c - +0 buckler
rNeg    . . .      Spirit   .    b - +0 scale mail
rPois   .          Reflect  .    (no helmet)
rElec   .          Rampage  .    (no cloak)
rCorr   .                        (no gloves)
Will    .....                    (no boots) Stlth
                                 (no amulet)
HPRegen 0.23/turn                (no ring)
MPRegen 0.08/turn                (no ring)

@: no status effects
A: high MP 1, forlorn, divine attributes
a: no special abilities


You were on level 1 of the Dungeon.
You visited 1 branch of the dungeon, and saw 1 of its levels.

Inventory:

Hand Weapons
 a - a +0 flail (weapon)
Armour
 b - a +0 scale mail (worn)
 c - a +0 buckler (worn)
Scrolls
 e - a scroll of identify {unknown}
Potions
 d - a potion of might


   Skills:
 + Level 2.7 Fighting
 + Level 1.9 Maces & Flails
 + Level 2.7 Armour
 + Level 2.7 Shields


You couldn't memorise any spells.
You didn't know any spells.
Your spell library was empty.

Dungeon Overview and Level Annotations

Branches:
Dungeon (1/15)


Innate Abilities, Weirdness & Mutations

You have an increased reservoir of magic. (+10% MP)
You shall have no god before yourself.
Your divine heritage dramatically boosts your attributes as you level up.


Message History

No target in view!
No target in view!
No target in view!
e - a scroll labelled BYMPIL QYNOZ
Found 8 stones.
A goblin and a gnoll come into view.
The goblin shouts!
The gnoll shouts!
There are monsters nearby!
Found 8 gold pieces.
The gnoll hits you from afar with a +0 spear.
Found a potion of might.
The gnoll hits you but does no damage.
You hit the gnoll.
The gnoll is moderately wounded.
The gnoll hits you with a +0 spear. You block the goblin's attack.
You closely miss the gnoll.
The gnoll is moderately wounded.
The gnoll hits you with a +0 spear. The goblin hits you but does no damage.
The gnoll hits you but does no damage. The goblin barely misses you.
You are too injured to fight recklessly!
You are too injured to fight recklessly!
You are too injured to fight recklessly!
You are too injured to fight recklessly!
You are too injured to fight recklessly!
You are too injured to fight recklessly!
You are too injured to fight recklessly!
You are too injured to fight recklessly!
You are too injured to fight recklessly!
You sock the gnoll!
The gnoll is almost dead.
A bat comes into view.
The gnoll hits you but does no damage. The goblin barely misses you.
You completely miss the gnoll.
The gnoll is almost dead.
The gnoll hits you with a +0 spear.
* * * LOW HITPOINT WARNING * * *
You block the goblin's attack.
You closely miss the gnoll.
The gnoll is almost dead.
The bat hits you but does no damage. The gnoll hits you with a +0 spear.
You die...

.....#####...♣♣
♣.....# ...###
#.♣.♣ ♣.....# .###
+♣♣... ♣♣.....# ##
♣... ♣♣......#
♣♣P.♣♣♣.......+ .
♣.P.♣.........##
...♣♣..#+#.........
#...........####♣.
..#..@.........
......gg.....####
.........b...#
!.........(..#
###...#......#
###+#......#
.$.....# .......#


You could see a gnoll, a goblin and a bat.

Vanquished Creatures
  A ball python (D:1)
  A bat (D:1)
  A giant cockroach (D:1)
  A frilled lizard (D:1)
4 creatures vanquished.

Notes
Turn   | Place    | Note
-------+----------+-------------------------------------------
     0 | D:1      | cforsyth the Demigod Fighter began the quest for the Orb.
     0 | D:1      | Reached XP level 1. HP: 18/18 MP: 3/3
    64 | D:1      | Slain by a gnoll

Illustrated notes

Levels and vault maps discovered:
D:1:      lemuel_arrival_funnel, layout_basic, serial_forest,
          infiniplex_forest_corner_2, infiniplex_forest_clump_curved,
          infiniplex_forest_side_room, infiniplex_forest_join,
          infiniplex_forest_straight_3, infiniplex_forest_clump_double

Action                     || total
---------------------------++-------
  Melee: Flail             ||    12
 Armour: Scale mail        ||     9
  Dodge: Dodged            ||     9
  Block: Buckler           ||     2

Table legend: (Time is in decaauts)
 A = Elapsed time spent in this place.
 B = Non-inter-level travel time spent in this place.
 C = Inter-level travel time spent in this place.
 D = Time resting spent in this place.
 E = Time spent auto-exploring this place.
 F = Levels seen in this place.
 G = Mean time per level.
                   A        B        C        D        E       F      G
               +--------+--------+--------+--------+--------+-----+--------+
         Total |     67 |     67 |      0 |      0 |     33 |   1 |   67.0 |
       Dungeon |     67 |     67 |      0 |      0 |     33 |   1 |   67.0 |
               +--------+--------+--------+--------+--------+-----+--------+

Top non-repeatable levels by time:
     D:1: 67 daAuts
